 Dungeon Crawl Stone Soup version 0.30-b1-2-g02819fbbbe (webtiles) character file.

Game seed: 4276494578578972747

2596 Mesmaeker13 the Thaumaturge (level 9, -2/45 HPs)
             Began as a Deep Elf Conjurer on July 25, 2023.
             Was a Believer of Sif Muna.
             Slain by a brown ugly thing (10 damage)
             ... on level 7 of the Dungeon.
             The game lasted 00:14:03 (8206 turns).

Mesmaeker13 the Thaumaturge (Deep Elf Conjurer)     Turns: 8206, Time: 00:14:04

Health: -2/45      AC:  0    Str: 12    XL:     9   Next: 33%
Magic:  24/24      EV: 15    Int: 26    God:    Sif Muna [**....]
Gold:   330        SH:  0    Dex: 13    Spells: 15/26 levels left

rFire   . . .        p - +2 whip (elec)
rCold   + . .        (no shield)
rNeg    . . .        a - +0 robe
rPois   .            s - +0 helmet
rElec   .            (no cloak)
rCorr   .            (no gloves)
SInv    .            w - +0 pair of boots
Will    .....        (no amulet)
Stlth   ++           d - ring of protection from cold
HPRegen 0.27/turn    x - +6 ring of strength
MPRegen 0.19/turn

%: no passive effects
@: corroded
A: no striking features
a: Renounce Religion, Channel Magic


You were on level 7 of the Dungeon.
You worshipped Sif Muna.
Sif Muna was pleased with you.
You visited 1 branch of the dungeon, and saw 7 of its levels.
You also visited: Ossuary.

You collected 330 gold pieces.

Inventory:

Hand Weapons
 p - a +2 whip of electrocution (weapon)
 y - a +2 morningstar of protection
 C - a +2 rapier of holy wrath
 F - a +3 trident of protection
Missiles
 j - 11 poisoned darts
Armour
 a - a +0 robe (worn)
 s - a +0 helmet (worn)
 w - a +0 pair of boots (worn)
Jewellery
 d - a ring of protection from cold (left hand)
 i - a ring of protection from cold
 x - a +6 ring of strength (right hand)
 L - a ring of positive energy
Wands
 B - a wand of mindburst (5)
 D - a wand of flame (17)
 J - a wand of roots (1)
Scrolls
 c - 2 scrolls of enchant armour {unknown}
 e - 3 scrolls of fog
 f - 3 scrolls of magic mapping {unknown}
 g - a scroll of blinking {unknown}
 m - 4 scrolls of amnesia
 n - a scroll of immolation
 o - 3 scrolls of fear
 u - 2 scrolls of vulnerability {unknown}
 A - 4 scrolls of teleportation
 G - 2 scrolls of enchant weapon
 N - 3 scrolls of poison {unknown}
Potions
 b - 2 potions of degeneration {unknown}
 h - 2 potions of flight {unknown}
 k - 3 potions of curing
 l - 2 potions of resistance
 q - a potion of cancellation
 r - a potion of might
 t - 3 potions of brilliance
 v - 3 potions of haste {unknown}
 z - 7 potions of heal wounds
 E - a potion of mutation {unknown}
 H - 2 potions of lignification {unknown}
 K - a potion of magic


   Skills:
 + Level 0.3 Armour
 - Level 8.1 Dodging
 - Level 2.4 Stealth
 + Level 9.0 Spellcasting
 + Level 8.4 Conjurations
 - Level 5.3 Hexes
 + Level 4.3 Poison Magic


You had 15 spell levels left.
You knew the following spells:

 Your Spells              Type           Power      Damage    Failure   Level
a - Magic Dart            Conj           100%       1d8       1%          1
b - Searing Ray           Conj           100%       2d8       1%          2
c - Fulminant Prism       Conj/Hex       23%        3d12      3%          4
d - Olgreb's Toxic Radia  Pois           34%        N/A       9%          4

Your spell library contained the following spells:

 Spells                   Type           Power      Damage    Failure   Level
 Sting                    Tmut/Pois      88%        1d7       1%          1
 Dazzling Flash           Conj/Hex       94%        N/A       1%          3
 Tukima's Dance           Hex            39%        N/A       1%          3
 Hailstorm                Conj/Ice       33%        3d8       2%          3
 Poisonous Vapours        Pois/Air       44%        N/A       3%          2
 Beastly Appendage        Tmut           22%        N/A       4%          1
 Freeze                   Ice            44%        1d6       4%          1
 Portal Projectile        Hex/Tloc       50%        N/A       4%          3
 Spider Form              Tmut/Pois      22%        N/A       6%          3
 Wereblood                Tmut           11%        N/A       8%          2
 Iskenderun's Mystic Bla  Conj/Tloc      33%        2d8       9%          4
 Frozen Ramparts          Ice            22%        1d4       16%         3
 Blade Hands              Tmut           5%         N/A       80%         5


Dungeon Overview and Level Annotations

Branches:
Dungeon (7/15)             Temple (0/1) D:6         Ossuary (visited)

Altars:
Sif Muna
Trog

Shops:
D:5 :


Message History

The searing ray hits the ice beast.
The ice beast is severely wounded.
The searing ray hits the ice beast!
You kill the ice beast!
Sif Muna accepts your kill.
You finish channelling your searing ray.
A brown ugly thing comes into view.
Okay, then.
Aiming: Fastroot
Press: ? - help, Shift-Dir - straight line The roots erupt in riotous growth!
Roots grab the brown ugly thing.
The grasping roots constrict the brown ugly thing.
The brown ugly thing completely misses you.
Unknown command.
The grasping roots constrict the brown ugly thing.
The roots release their grip on the brown ugly thing.
The brown ugly thing attacks as you move away!
The brown ugly thing claws you!
You are splashed with acid!
Aiming: Fastroot
Press: ? - help, Shift-Dir - straight line The roots erupt in riotous growth!
Roots grab the brown ugly thing.
The grasping roots constrict the brown ugly thing.
The brown ugly thing completely misses you.
Unknown command.
The grasping roots constrict the brown ugly thing!
The roots release their grip on the brown ugly thing.
The brown ugly thing attacks as you move away!
The brown ugly thing claws you! The acid corrodes you!
You are splashed with acid!
* * * LOW HITPOINT WARNING * * *
The brown ugly thing closely misses you.
Things that are here:
a +0 hand axe; a +0 hand axe; an orc corpse The brown ugly thing attacks as you move away!
The brown ugly thing barely misses you.
The brown ugly thing attacks as you move away!
The brown ugly thing claws you!
You die...

##......##
##........#
#.........#
#.)....#### #..##.##
#...### #.(..#
#u)..# ########@..##
##......[).##
##....##.....#
###+###..######...##
.........# #..##
..###.<=.# #...#
###### #...# #####


You could see a brown ugly thing.

Vanquished Creatures
  Pikel (D:5)
  Edmund (D:6)
  4 ice beasts
  An ogre (D:4)
  3 lemures (D:5)
  An elf zombie (Ossuary)
  Blork the orc (D:5)
  A bullfrog (D:6)
  A scorpion (D:5)
  A howler monkey (D:5)
  3 jellies
  5 orc priests
  5 hounds
  3 human zombies
  3 iguanas
  2 human skeletons (D:5)
  2 sleepcaps
  Ijyb (D:4)
  7 orc wizards
  2 mummies (Ossuary)
  Robin (D:3)
  10 adders
  4 gnolls (D:3)
  A white imp (D:5)
  An ufetubus (D:6)
  3 adder zombies (Ossuary)
  6 worms
  A dart slug (D:1)
  34 orcs
  9 endoplasms
  3 giant cockroaches (D:1)
  32 goblins
  10 hobgoblins
  9 jackals
  4 kobolds
  6 quokkas
  12 ball pythons
  7 bats
  4 frilled lizards
  A goblin zombie (Ossuary)
  10 hobgoblin zombies (Ossuary)
  A jackal zombie (Ossuary)
  8 kobold zombies (Ossuary)
  11 orc zombies
  7 rats
  2 rat zombies (Ossuary)
245 creatures vanquished.

Vanquished Creatures (others)
  A wizard (D:5)
  11 fulminant prisms
12 creatures vanquished.

Grand Total: 257 creatures vanquished

Notes
Turn   | Place    | Note
-------+----------+-------------------------------------------
     0 | D:1      | Mesmaeker13 the Deep Elf Conjurer began the quest for the
                  | Orb.
     0 | D:1      | Reached XP level 1. HP: 10/10 MP: 6/6
   182 | D:1      | Reached XP level 2. HP: 15/15 MP: 4/8
   185 | D:1      | Learned a level 2 spell: Searing Ray
   234 | D:1      | Found a faded altar of an unknown god.
   428 | D:1      | Reached XP level 3. HP: 19/19 MP: 1/10
  1103 | D:2      | Reached skill level 4 in Spellcasting
  1212 | D:2      | Reached skill level 5 in Conjurations
  1451 | D:2      | Reached XP level 4. HP: 24/24 MP: 6/12
  2279 | D:2      | Learned a level 4 spell: Fulminant Prism
  2291 | D:3      | Learned a level 4 spell: Olgreb's Toxic Radiance
  2578 | D:3      | Reached XP level 5. HP: 28/28 MP: 11/14
  2605 | D:3      | Noticed a sky beast
  2841 | D:3      | Reached skill level 1 in Poison Magic
  3057 | D:3      | Reached skill level 5 in Spellcasting
  3275 | D:3      | Noticed Robin
  3283 | D:3      | Killed Robin
  3641 | D:4      | Reached XP level 6. HP: 32/32 MP: 9/15
  3894 | D:4      | Reached skill level 5 in Dodging
  3975 | D:4      | Found a shimmering blue altar of Sif Muna.
  3996 | D:4      | Became a worshipper of Sif Muna the Loreminder
  4154 | D:4      | Reached XP level 7. HP: 33/36 MP: 7/17
  4262 | D:4      | Reached skill level 6 in Spellcasting
  4291 | D:4      | Noticed Ijyb
  4303 | D:4      | Killed Ijyb
  4597 | D:5      | Entered Level 5 of the Dungeon
  4626 | D:5      | Noticed Blork the orc
  4633 | D:5      | Killed Blork the orc
  4634 | D:5      | Reached skill level 1 in Hexes
  4665 | D:5      | Found Sidit's Book Shoppe.
  4812 | D:5      | Reached * piety under Sif Muna
  4972 | D:5      | Found a sand-covered staircase.
  5006 | Ossuary  | Entered an ossuary
  5328 | Ossuary  | Reached ** piety under Sif Muna
  5344 | Ossuary  | Reached skill level 7 in Spellcasting
  5344 | Ossuary  | Reached XP level 8. HP: 39/41 MP: 12/20
  6253 | D:5      | Noticed Pikel
  6261 | D:5      | Killed Pikel
  6262 | D:5      | Reached skill level 8 in Spellcasting
  6262 | D:5      | Reached skill level 5 in Hexes
  6560 | D:5      | Found a bloodstained altar of Trog.
  6561 | D:5      | Noticed a wizard
  6567 | D:5      | Killed a wizard
  6694 | D:6      | Found a staircase to the Ecumenical Temple.
  7007 | D:6      | Reached XP level 9. HP: 45/45 MP: 15/23
  7223 | D:6      | Identified the +2 leather armour of Hopscotch {Str+3 Int+3
                  | Dex+3 Stlth+}
  7595 | D:6      | Noticed Edmund
  7603 | D:6      | Killed Edmund
  8079 | D:7      | Reached skill level 9 in Spellcasting
  8192 | D:7      | Noticed a brown ugly thing
  8206 | D:7      | Slain by a brown ugly thing

Illustrated notes

Levels and vault maps discovered:
D:1:      heliophobic_arrival_glass_houses, layout_rooms,
          hellmonk_ecumenical_altar_crossroads, minmay_heptomino_d4
D:2:      layout_basic
D:3:      kennysheep_goblin_castle, layout_rooms, lightli_corner_chamber
D:4:      kennysheep_the_goblin_king, layout_cave_pools,
          mainiacjoe_overflow_cross_hatched
D:5:      layout_cave_pools, trog_wizard, nicolae_ossuary_entry_catacombs,
          serial_shops, nicolae_shop_peninsula, corexii_corridor_pit,
          uniq_pikel, uniq_blork_the_orc, uniq_ijyb
D:6:      layout_basic, minmay_temple_entry_tees, serial_rivers,
          chequers_serial_rivers_large_a, chequers_serial_rivers_small_a,
          chequers_serial_rivers_micro_b, chequers_serial_rivers_micro_c,
          chequers_serial_rivers_micro_e, uniq_edmund
D:7:      minmay_the_grid_octo_tiled_squarecenter [minmay_the_grid_octo_empty,
          minmay_the_grid_octo_concentric, minmay_the_grid_octo_empty,
          minmay_the_grid_octo_clover_2,
          minmay_the_grid_square_5x5_megaprize_open,
          minmay_the_grid_square_5x5_tetrominoes,
          minmay_the_grid_square_5x5_bracketed,
          minmay_the_grid_square_5x5_minibox, minmay_the_grid_square_5x5_lines],
          layout_cave_pools, mainiacjoe_overflow_alcove_3,
          nicolae_nh_oracle_at_delphi

Skill      XL: |  1  2  3  4  5  6  7  8  9 |
---------------+----------------------------+-----
Dodging        | 3 4 5 6 7 8 |  8.1
Spellcasting   | 4 5 7 8 9 |  9.0
Conjurations   | 5 6 7 8 |  8.4
Poison Magic   | 1 2 3 4 |  4.3
Hexes          | 3 5 |  5.3
Armour         | |  0.3
Stealth        | |  2.4

Action                     |  1- 3 |  4- 6 |  7- 9 || total
---------------------------+-------+-------+-------++-------
  Melee: Dagger            |       |     5 |       ||     5
         Whip              |       |     4 |    10 ||    14
   Cast: Magic Dart        |    83 |   117 |   137 ||   337
         Searing Ray       |     3 |    17 |    44 ||    64
         Fulminant Prism   |       |     2 |     9 ||    11
         Olgreb's Toxic Ra |       |     2 |     1 ||     3
  Evoke: Wand              |       |       |    32 ||    32
    Use: Scroll            |       |     1 |    11 ||    12
         Potion            |       |       |     2 ||     2
 Armour: Robe              |       |     6 |    14 ||    20
  Dodge: Dodged            |     3 |    22 |    38 ||    63
